 Dungeon Crawl Stone Soup version 0.28.0-1-gb440e238dd (webtiles) character file.

Game seed: 16220590104564064367

6649 Sanktem7 the Warrior (level 10, 0/106 HPs)
             Began as a Minotaur Fighter on Feb 26, 2022.
             Was a High Priest of Okawaru.
             Slain by a yak (5 damage)
             ... on level 9 of the Dungeon.
             The game lasted 00:17:38 (8553 turns).

Sanktem7 the Warrior (Minotaur Fighter)             Turns: 8553, Time: 00:17:38

Health: 0/106      AC: 22    Str: 31    XL:     10   Next: 72%
Magic:  9/9        EV:  7    Int:  5    God:    Okawaru [*****.]
Gold:   477        SH:  6    Dex:  8    Spells: 9/9 levels left

rFire   . . .      SeeInvis .   x - +2 war axe (flame) {axe}
rCold   . . .      Faith    .   u - +2 buckler
rNeg    . . .      Spirit   .   f - +0 plate armour
rPois   .          Reflect  .   (helmet restricted)
rElec   .          Harm     .   K - +0 cloak
rCorr   .          Rampage  .   J - +0 pair of gloves
Will    .....      Rage     1%  v - +0 pair of boots
Stlth   ..........              (no amulet)
HPRegen 0.27/turn               o - +6 ring of strength
MPRegen 0.11/turn               N - +4 ring of protection

@: lethally poisoned (0 -> -9), studying Fighting
A: horns 2, retaliatory headbutt, berserk 1, clumsy 1, devolution 1
a: Renounce Religion, Heroism, Finesse, Duel


You were on level 9 of the Dungeon.
You worshipped Okawaru.
Okawaru was extremely pleased with you.
You visited 2 branches of the dungeon, and saw 10 of its levels.
You also visited: Ossuary.

You collected 477 gold pieces.


Innate Abilities, Weirdness & Mutations

You have a pair of horns on your head.
You reflexively headbutt those who attack you in melee.
You tend to lose your temper in combat.
You are clumsy. (Dex -2)
You have hidden genetic defects.


   Skills:
 * Level 15.6 Fighting
 * Level 12.5 Axes
 + Level 2.1 Throwing
 + Level 9.4 Armour
 - Level 3.6 Shields


You had 9 spell levels left.
You didn't know any spells.
Your spell library contained the following spells:

 Spells                   Type           Power      Damage    Failure   Level
 Apportation              Tloc           0%         N/A       99%         1
 Magic Dart               Conj           0%         1d3       99%         1
 Searing Ray              Conj           0%         2d4       100%        2
 Fulminant Prism          Conj/Hex       0%         3d6       100%        4
 Hailstorm                Conj/Ice       0%         3d3       100%        4
 Ice Form                 Ice/Tmut       0%         N/A       100%        4
 Fireball                 Conj/Fire      0%         3d3       100%        5
 Iskenderun's Battlesphe  Conj           0%         2d6       100%        5
 Conjure Ball Lightning   Conj/Air       0%         3x3d6     100%        6
 Orb of Destruction       Conj           0%         9d5       100%        7
 Animate Skeleton         Necr           Unusable   N/A       N/A         1
 Summon Small Mammal      Summ           Unusable   N/A       N/A         1
 Summon Ice Beast         Ice/Summ       Unusable   N/A       N/A         4
 Summon Mana Viper        Hex/Summ       Unusable   N/A       N/A         5
 Simulacrum               Ice/Necr       Unusable   N/A       N/A         6
 Monstrous Menagerie      Summ           Unusable   N/A       N/A         7

Inventory:

Hand Weapons
 x - a +2 war axe of flaming (weapon) {axe}
   (You found it on level 8 of the Dungeon)
Missiles
 a - 35 stones {throwing}
 c - 7 bolts
 g - 8 boomerangs (quivered) {throwing}
 t - 5 silver javelins {throwing}
 I - 2 boomerangs of dispersal {=f!fthrowing}
Armour
 f - a +0 plate armour (worn)
   (You found it on level 4 of the Dungeon)
 u - a +2 buckler (worn)
   (You found it on level 8 of the Dungeon)
 v - a +0 pair of boots (worn)
   (You found it on level 4 of the Dungeon)
 J - a +0 pair of gloves (worn)
   (You found it on level 6 of the Dungeon)
 K - a +0 cloak (worn)
   (You found it on level 6 of the Dungeon)
Jewellery
 b - a ring of protection from fire
   (You took it off an orc on level 7 of the Dungeon)
 l - a ring of flight
   (You found it on level 2 of the Dungeon)
 o - a +6 ring of strength (left hand)
   (You found it on level 2 of the Dungeon)
 N - a +4 ring of protection (right hand)
   (You found it on level 7 of the Dungeon)
Wands
 y - a wand of mindburst (2)
   (You took it off Pikel on level 5 of the Dungeon)
 z - a wand of iceblast (19)
   (You found it on level 5 of the Dungeon)
 A - a wand of digging (5)
   (You found it on level 7 of the Dungeon)
 E - a wand of charming (5)
   (You found it on level 8 of the Dungeon)
Scrolls
 e - 5 scrolls of noise {!r}
 h - 4 scrolls of teleportation {@r4}
 m - a scroll of amnesia
 q - 2 scrolls of blinking {!r}
 w - 3 scrolls of identify {@r1}
 H - 3 scrolls of holy word
Potions
 d - 2 potions of might
 i - a potion of lignification {!q}
 n - 4 potions of curing {@q1}
 r - 2 potions of resistance
 s - 3 potions of ambrosia
 B - 4 potions of attraction {!q}
 C - a potion of heal wounds {@q2}

Dungeon Overview and Level Annotations

Branches:
Dungeon (9/15)             Temple (1/1) D:4            Lair (0/6) D:9
Ossuary (visited)
    Orc: D:9-12

Altars:
Ashenzari
Cheibriados
Dithmenos
Elyvilon
Fedhas
Gozag
Hepliaklqana
Kikubaaqudgha
Makhleb
Nemelex Xobeh
Okawaru
Qazlal
Ru
Sif Muna
Trog
Uskayaw
Vehumet
Wu Jian
Xom
Yredelemnul
Zin
The Shining One

Shops:
D:6

= #.......S..##.#.#
..........
#...............###.#......#
#........####.......#.#....#
########.####.#.#####.#....#
.## #.##.....# #.#....#
.....####.##Y#.### #.#....#
#........##{#.#.# #......#
#.#.###...Y††..# #####.##
...#.###.###@#.## # #.#
..............## .## #.#
...#.###.###.## ##.# #.# #.#
##.## ##..# ##.# ..#
##.###.#.####..## ####
#..#............
#.#.#..#####.### #.###>.#
#.# #......# #.#


You could see 2 yaks.


Message History

The wyvern bites you!
* * * LOW HITPOINT WARNING * * *
The basilisk bites you but does no damage.
Something hits you but does no damage. You block the yak's attack.
The yak gores you.
* * * LOW HITPOINT WARNING * * *
The scorpion stings you but does no damage.
The water moccasin bites you.
* * * LOW HITPOINT WARNING * * *
The wyvern bites you but does no damage.
You slice the basilisk!! You burn the basilisk!
You kill the basilisk!
Okawaru accepts your kill.
You hit the scorpion. You burn the scorpion. You slash the yak!
You burn the yak!
You kill the yak!
Okawaru accepts your kill.
You hit something. You burn something. You hit the yak. You burn the yak.
You hit the wyvern but do no damage. You closely miss the water moccasin.
You feel sick. The scorpion stings you.
* * * LOW HITPOINT WARNING * * *
Something hits you but does no damage. You block the water moccasin's attack.
The yak barely misses you.
The wyvern bites you but does no damage. 😱 HP[-28]
You take 28 damage, and now have 24/105 hp.
MASSIVE DAMAGE!! (PAUSE) Blink to where?
Press: ? - help, Q - select action, (/) - cycle Dir - move target
As you read the scroll of blinking {!r}, it crumbles to dust.
You feel sick. 😱 HP[-1]
You take 1 damage, and now have 23/105 hp.
You feel sick.
You feel sick. 😱 HP[-1]
You take 1 damage, and now have 22/105 hp.
You feel sick.
The wyvern hisses menacingly. 😱 HP[-1]
You take 1 damage, and now have 21/105 hp.
You feel sick.
You feel sick. 😱 HP[-1]
You take 1 damage, and now have 20/105 hp.
You feel sick.
You are no longer poisoned. 😱 HP[-1]
You take 1 damage, and now have 19/105 hp.
You slice the wyvern!! You burn the wyvern.
You kill the wyvern!
Okawaru accepts your kill. 😱 HP[+1]
The water moccasin bites you.
* * * LOW HITPOINT WARNING * * *
😱 HP[-6]
You take 6 damage, and now have 14/105 hp.
You closely miss the water moccasin. You headbutt the water moccasin!
The water moccasin bites you but does no damage.
You block the water moccasin's attack.
You slash the water moccasin! You burn the water moccasin.
You kill the water moccasin!
Okawaru accepts your kill. 😱 HP[+1]
You now have 106 max hp (+1).
You completely miss the yak. You headbutt the yak!
The yak gores you but does no damage.
You slice the yak!! You burn the yak!
You kill the yak!
Okawaru accepts your kill.
You closely miss the water moccasin. You block the water moccasin's attack.
You completely miss the scorpion. You headbutt the scorpion.
You kill the scorpion!
Okawaru accepts your kill.
You can now enter into single combat with a foe.
Okawaru will now gift you equipment as you gain piety.
You barely miss the water moccasin. The water moccasin bites you.
* * * LOW HITPOINT WARNING * * *
You are lethally poisoned!
The water moccasin poisons you! The water moccasin barely misses you.
Your Throwing skill increases to level 2! 😱 HP[-1]
You take 1 damage, and now have 14/106 hp.
You slice the water moccasin!! You burn the water moccasin!
You kill the water moccasin!
Okawaru accepts your kill.
You slash the yak! You burn the yak.
* * * LOW HITPOINT WARNING * * *
You feel very sick. The yak gores you.
* * * LOW HITPOINT WARNING * * *
😱 HP[-7]
You take 7 damage, and now have 7/106 hp.
You slice the yak!! You burn the yak!
You kill the yak!
Okawaru accepts your kill.
You barely miss the yak.
* * * LOW HITPOINT WARNING * * *
You feel sick. The yak gores you.
You die...

Skill      XL: |  1  2  3  4  5  6  7  8  9 10 |
---------------+-------------------------------+-----
Fighting       | 4 5 6 8 10 13 15 | 15.6
Axes           | 3 4 5 6 7 9 11 12 | 12.5
Armour         | 4 5 6 7 8 9 |  9.4
Throwing       | 2 |  2.1
Shields        | |  3.6

Action                   |  1- 3 |  4- 6 |  7- 9 | 10-12 || total
-------------------------+-------+-------+-------+-------++-------
Melee: War axe           |    95 |    58 |   277 |   118 ||   548
       Headbutt          |     8 |    12 |    52 |    22 ||    94
  Use: Scroll            |       |       |    12 |     4 ||    16
       Potion            |       |       |       |     6 ||     6
Armor: Scale mail        |    55 |    16 |       |       ||    71
       Plate armour      |       |     5 |   140 |   144 ||   289
Dodge: Dodged            |    61 |    30 |    65 |    44 ||   200
Block: Buckler           |    35 |     9 |    59 |    22 ||   125

Levels and vault maps discovered:
D:1:      sevenhm_arrival_forest_fort_small_4, layout_rooms, serial_bayou,
          serial_bayou_pond_d, serial_bayou_pond_c, serial_bayou_pond_e,
          serial_bayou_shore_b, serial_bayou_shore_a, serial_bayou_lake_a
D:2:      layout_basic
D:3:      layout_basic, hellmonk_ecumenical_altar_heavens_door
D:4:      layout_basic, minmay_temple_entry_purple_smoke,
          amcnicky_mini_rare_corridor_liquid
D:5:      layout_basic, uniq_prince_ribbit1, uniq_pikel
D:6:      minmay_chambers_of_threes, layout_basic,
          lemuel_coloured_pillars_altar, enter_ossuary_3,
          minmay_shop_grid_forest, kennysheep_generic_room_6
D:7:      layout_loops_ring, gammafunk_temple_overflow_elements
D:8:      layout_rooms, special_room [special_room_orc],
          eino_small_chamber_without_monster,
          nicolae_concentric_dashed_squares_wild
D:9:      layout_loops_cross, minmay_lair_entry_grove
Temple:   mainiacjoe_temple_bowtie_tessellation

Notes
Turn   | Place    | Note
-------+----------+-------------------------------------------
     0 | D:1      | Sanktem7 the Minotaur Fighter began the quest for the Orb.
     0 | D:1      | Reached XP level 1. HP: 19/19 MP: 0/0
     0 | D:1      | magus.rc [v1.9.6]
   140 | D:1      | Reached XP level 2. HP: 24/27 MP: 1/1
   143 | D:1      | Reached skill level 4 in Fighting
   226 | D:1      | Reached skill level 3 in Axes
   904 | D:2      | Reached XP level 3. HP: 33/33 MP: 2/2
   977 | D:2      | You pick up a book of Cantrips and begin reading...
   977 | D:2      | You add the spells Animate Skeleton, Summon Small Mammal
                  | and Apportation to your library.
   996 | D:2      | Reached skill level 4 in Armour
  1275 | D:2      | Reached XP level 4. HP: 40/41 MP: 3/3
  1596 | D:3      | Found a faded altar of an unknown god.
  1717 | D:3      | You pick up a book of Conjurations {@e2} and begin
                  | reading...
  1717 | D:3      | You add the spells Magic Dart, Searing Ray and Fulminant
                  | Prism to your library.
  1748 | D:3      | Reached skill level 4 in Axes
  1972 | D:4      | Noticed a scorpion
  2054 | D:4      | Killed a scorpion
  2055 | D:4      | Reached skill level 5 in Fighting
  2055 | D:4      | Reached XP level 5. HP: 47/48 MP: 4/4
  2169 | D:4      | You pick up a book of Beasts and begin reading...
  2169 | D:4      | You add the spells Summon Ice Beast, Summon Mana Viper and
                  | Monstrous Menagerie to your library.
  2209 | D:4      | Found a staircase to the Ecumenical Temple.
  2231 | D:4      | Reached skill level 5 in Axes
  2386 | D:4      | Reached XP level 6. HP: 57/57 MP: 5/5
  2520 | Temple   | Entered the Ecumenical Temple
  2679 | Temple   | Became a worshipper of Warmaster Okawaru
  2720 | D:5      | Entered Level 5 of the Dungeon
  2732 | D:5      | Reached skill level 6 in Fighting
  2759 | D:5      | Reached skill level 5 in Armour
  2904 | D:5      | Reached skill level 6 in Axes
  2904 | D:5      | Reached XP level 7. HP: 64/64 MP: 6/6
  2999 | D:5      | Noticed Pikel
  3015 | D:5      | Killed Pikel
  3015 | D:5      | Reached * piety under Okawaru
  3016 | D:5      | Reached skill level 7 in Fighting
  3016 | D:5      | Reached skill level 7 in Axes
  3016 | D:5      | Reached skill level 6 in Armour
  3314 | D:5      | Reached skill level 8 in Fighting
  3314 | D:5      | Reached XP level 8. HP: 74/74 MP: 7/7
  3486 | D:5      | Noticed Prince Ribbit
  3497 | D:5      | Killed Prince Ribbit
  3735 | D:5      | Reached skill level 8 in Axes
  3914 | D:5      | Identified a scroll of acquirement
  3914 | D:5      | Acquired a manual of Fighting
  3947 | D:6      | Reached skill level 9 in Fighting
  3969 | D:6      | Reached ** piety under Okawaru
  3976 | D:6      | Found Wipie's Jewellery Shoppe.
  3990 | D:6      | Reached skill level 7 in Armour
  4198 | D:6      | Reached skill level 10 in Fighting
  4200 | D:6      | Reached skill level 9 in Axes
  4257 | D:6      | Found a sand-covered staircase.
  4264 | D:6      | Reached XP level 9. HP: 81/86 MP: 8/8
  4274 | Ossuary  | Entered an ossuary
  4531 | Ossuary  | Noticed Menkaure
  4533 | Ossuary  | Killed Menkaure
  4540 | Ossuary  | Reached skill level 11 in Fighting
  5126 | D:6      | Found a basalt altar of Yredelemnul.
  5269 | D:6      | Reached *** piety under Okawaru
  5277 | D:6      | Reached skill level 10 in Axes
  5281 | D:6      | Reached skill level 12 in Fighting
  5485 | D:6      | Reached skill level 8 in Armour
  5485 | D:6      | HP: 21/91 [poisoned by an orc wizard]
  5490 | D:6      | HP: 13/91 [poisoned by an orc wizard]
  6317 | D:7      | Reached skill level 13 in Fighting
  6322 | D:7      | Reached skill level 11 in Axes
  6326 | D:7      | Reached XP level 10. HP: 33/102 MP: 9/9
  6328 | D:7      | HP: 16/102 [yak (11)]
  6329 | D:7      | Reached **** piety under Okawaru
  6759 | D:7      | Reached skill level 14 in Fighting
  7279 | D:7      | Found a burning altar of Makhleb.
  7279 | D:7      | Found an ornate altar of the Wu Jian Council.
  7282 | D:7      | magus.rc [v1.9.6]
  7345 | D:7      | Gained mutation: You have hidden genetic defects. [potion
                  | of mutation]
  7345 | D:7      | Gained mutation: You tend to lose your temper in combat.
                  | [potion of mutation]
  7884 | D:8      | Reached skill level 9 in Armour
  8238 | D:9      | You pick up a book of the Spheres and begin reading...
  8238 | D:9      | You add the spells Iskenderun's Battlesphere, Fireball,
                  | Conjure Ball Lightning and Orb of Destruction to your
                  | library.
  8299 | D:9      | You pick up a book of the Tundra and begin reading...
  8299 | D:9      | You add the spells Hailstorm and Ice Form to your library.
  8369 | D:9      | Reached skill level 12 in Axes
  8376 | D:9      | Gained mutation: You are clumsy. (Dex -2) [hidden defects]
  8518 | D:9      | Found a staircase to the Lair.
  8520 | D:9      | Reached skill level 1 in Throwing
  8522 | D:9      | Reached skill level 15 in Fighting
  8536 | D:9      | HP: 24/105 [scorpion (6)]
  8541 | D:9      | HP: 21/105 [poisoned by a scorpion]
  8546 | D:9      | HP: 14/105 [water moccasin (6)]
  8551 | D:9      | Reached ***** piety under Okawaru
  8551 | D:9      | HP: 14/106 [water moccasin (1)]
  8552 | D:9      | Reached skill level 2 in Throwing
  8553 | D:9      | HP: 5/106 [poisoned by a water moccasin]
  8553 | D:9      | Slain by a yak

Vanquished Creatures
  Pikel (D:5)
  A komodo dragon (D:9)
  Prince Ribbit (D:5)
  9 yaks
  2 wyverns (D:9)
  A basilisk (D:9)
  Menkaure (Ossuary)
  2 acid dragons
  6 water moccasins
  2 ice beasts
  3 orc warriors
  A sky beast (D:8)
  A black bear (D:6)
  2 necrophages
  2 ogres
  A lemure (D:5)
  A phantom (D:5)
  4 bullfrogs
  5 scorpions
  3 water moccasin skeletons
  5 wights
  5 howler monkeys
  4 bullfrog zombies
  3 centaur zombies
  2 jellies
  2 centaur skeletons (D:6)
  3 hounds
  4 orc priests
  An iguana (D:6)
  7 orc wizards
  3 mummies (Ossuary)
  6 gnolls
  10 adders
  2 white imps
  A worm (D:3)
  A dart slug (D:3)
  50 orcs
  5 ball pythons
  6 endoplasms
  3 giant cockroaches
  2 gnoll zombies
  3 goblins
  8 hobgoblins
  3 quokkas
  7 bats
  2 frilled lizards
  A gnoll skeleton (Ossuary)
  6 goblin skeletons (Ossuary)
  6 goblin zombies (Ossuary)
  5 hobgoblin skeletons (Ossuary)
  2 hobgoblin zombies (Ossuary)
  7 kobolds
  3 kobold skeletons (Ossuary)
  3 kobold zombies (Ossuary)
  4 orc skeletons (Ossuary)
  6 orc zombies
  11 rats
  6 rat skeletons (Ossuary)
  9 rat zombies
266 creatures vanquished.

Vanquished Creatures (others)
  4 fungi (D:9)
  16 plants
20 creatures vanquished.

Grand Total: 286 creatures vanquished

Table legend:
 A = Non-vault XP
 B = Vault XP
 C = Vault XP percentage of total XP
 D = Non-vault monster count
 E = Vault monster count
 F = Vault count percentage of total count
                 A         B        C        D         E       F
            +---------+---------+-------+---------+---------+-------
      Total |    5782 |    3937 |  40.5 |     161 |     104 |  39.2
            +---------+---------+-------+---------+---------+-------
        D:1 |      37 |       0 |   0.0 |      25 |       0 |   0.0
        D:2 |      67 |       0 |   0.0 |      22 |       0 |   0.0
        D:3 |      37 |       0 |   0.0 |      11 |       0 |   0.0
        D:4 |     239 |       0 |   0.0 |      11 |       0 |   0.0
        D:5 |     711 |     869 |  55.0 |      15 |       2 |  11.8
        D:6 |    1111 |     871 |  43.9 |      26 |      17 |  39.5
        D:7 |    2072 |       0 |   0.0 |      31 |       0 |   0.0
        D:8 |     932 |     100 |   9.7 |      16 |      20 |  55.6
        D:9 |     576 |    1829 |  76.0 |       4 |      11 |  73.3
    Ossuary |       0 |     268 | 100.0 |       0 |      54 | 100.0
            +---------+---------+-------+---------+---------+-------

Illustrated notes

Table legend:
 A = Kills in this place as a percentage of kills in entire the game.
 B = Kills by you in this place as a percentage of kills by you in the entire game.
 C = Kills by friends in this place as a percentage of kills by friends in the entire game.
 D = Other kills in this place as a percentage of other kills in the entire game.
 E = Experience gained in this place as a percentage of experience gained in the entire game.
 F = Experience gained in this place divided by the number of levels of this place that you have seen.
                   A       B       C       D       E      F
               +-------+-------+-------+-------+-------+----------------------
         Total | 100.0 | 100.0 |   N/A |   N/A | 100.0 | 883.5
       Dungeon |  79.6 |  79.6 |   N/A |   N/A |  97.2 | 1050.1
       Ossuary |  20.4 |  20.4 |   N/A |   N/A |   2.8 | 268.0
               +-------+-------+-------+-------+-------+----------------------

Table legend: (Time is in decaauts)
 A = Elapsed time spent in this place.
 B = Non-inter-level travel time spent in this place.
 C = Inter-level travel time spent in this place.
 D = Time resting spent in this place.
 E = Time spent auto-exploring this place.
 F = Levels seen in this place.
 G = Mean time per level.
                   A        B        C        D        E       F      G
               +--------+--------+--------+--------+--------+-----+--------+
         Total |   8727 |   8334 |    393 |    581 |   5923 |  11 |  793.4 |
       Dungeon |   8185 |   7833 |    352 |    581 |   5720 |   9 |  909.4 |
        Temple |    192 |    151 |     41 |      0 |    135 |   1 |  192.0 |
       Ossuary |    349 |    349 |      0 |      0 |     68 |   1 |  349.0 |
               +--------+--------+--------+--------+--------+-----+--------+

Top non-repeatable levels by time:
     D:6: 1818 daAuts
     D:7: 1268 daAuts
     D:5: 1229 daAuts
     D:1: 961 daAuts
     D:8: 880 daAuts
     D:2: 689 daAuts
     D:3: 525 daAuts
     D:4: 495 daAuts
 Ossuary: 349 daAuts
     D:9: 317 daAuts
  Temple: 192 daAuts
